 Dungeon Crawl Stone Soup version bcrawl-1.40.2 (webtiles) character file.

Game seed: 11328216553017217431

10992097 polpettosauro the Eclecticist (level 19, -28/112 HPs)
             Began as a Gargoyle Earth Elementalist on Nov 16, 2023.
             Was the Champion of Okawaru.
             Annihilated by a reaper
             ... wielding a +2 scythe of venom
             ... summoned by miscasting Borgnjor's Vile Clutch
              (49 damage)
             ... on level 1 of the Vaults on Nov 18, 2023.
             The game lasted 03:12:20 (36206 turns).

polpettosauro the Eclecticist (GrEE)               Turns: 36206, Time: 03:12:20

Health: -28/112    AC: 42    Str: 22    XL:     19   Next: 58%
Magic:  9/48       EV:  8    Int: 25    God:    Okawaru [******]
Gold:   947        SH:  7    Dex: 10    Spells: 3/50 levels left

rFire    + + .     GDR:     42% B - +1 quick blade of Eduvitz {pierce, rC+ MP+9}
rCold    + + .     SeeInvis .   J - +0 buckler {reflect}
rNeg     + + .     Gourm    .   l - +6 chain mail "Earthly Heaven" {rPois rF+ Stlth+}
rPois    ∞         Faith    .   T - +2 helmet {Int+3}
rElec    +         Spirit   .   V - +0 cloak {rC+}
rCorr    .         Reflect  +   W - +0 pair of gloves of the Maze {rPois rF+ Str+8 Stlth-}
MR       +....                  d - +0 pair of boots
Stlth    ..........             M - amulet of regeneration
HPRegen  0.55/turn              g - ring "Kaen" {+Fly rN+}
MPRegen  0.31/turn              G - ring of wizardry

@: flying, very slightly contaminated
A: big wings, negative energy resistance 1, electricity resistance, partial
torment resistance, unbreathing, petrification resistance, rot immunity, AC +14
}: 2/15 runes: serpentine, gossamer
a: Stop Flying, Heroism, Finesse, Renounce Religion


You were on level 1 of the Vaults.
You worshipped Okawaru.
Okawaru was exalted by your worship.
You were hungry.

You visited 6 branches of the dungeon, and saw 26 of its levels.
You also visited: Ice Cave.

You collected 3068 gold pieces.
You spent 2121 gold pieces at shops.

Inventory:

Hand Weapons
 B - the +1 quick blade of Eduvitz (weapon) {pierce, rC+ MP+9}
   (Okawaru gifted it to you on level 8 of the Dungeon)

   It will always inflict at least some extra damage.
   This minimum extra damage increases with your current reserve of magical
   power.
   It protects you from cold.
   It affects your magic capacity (+9).
 I - a +0 blowgun
Missiles
 b - 1389 stones (quivered)
 H - 10 curare-tipped needles
 O - 3 throwing nets {=f}
Armour
 d - a +0 pair of boots (worn)
 l - the +6 chain mail "Earthly Heaven" (worn) {rPois rF+ Stlth+}
   (Okawaru gifted it to you on level 3 of the Lair of Beasts)

   It protects you from fire.
   It protects you from poison.
   It makes you more stealthy.
 J - a +0 buckler of reflection (worn)
 T - a +2 helmet of intelligence (worn)
 V - a +0 cloak of cold resistance (worn)
 W - the +0 pair of gloves of the Maze (worn) {rPois rF+ Str+8 Stlth-}
   (Okawaru gifted it to you on level 4 of the Lair of Beasts)

   It affects your strength (+8).
   It protects you from fire.
   It protects you from poison.
   It makes you less stealthy.
Jewellery
 g - the ring "Kaen" (left hand) {+Fly rN+}
   (You found it on level 1 of the Dungeon)

   [ring of flight]

   It protects you from negative energy.
   It lets you fly.
 D - an uncursed ring of see invisible
 G - a ring of wizardry (right hand)
 M - an amulet of regeneration (around neck)
Wands
 c - a wand of polymorph (13)
 j - a wand of clouds (4)
 z - a wand of iceblast (13)
 R - a wand of digging (15)
 X - a wand of flame (21)
 Y - a wand of random effects (13)
Scrolls
 f - 2 scrolls of blinking
 m - a scroll of enchant weapon
 n - 3 scrolls of amnesia
 q - 14 scrolls of remove curse
 r - 9 scrolls of teleportation
 v - 3 scrolls of revelation
 y - 7 scrolls of immolation
 C - a scroll of fear
 F - a scroll of torment
 K - a scroll of vulnerability
Potions
 a - 2 potions of cancellation
 h - 9 potions of curing
 i - 2 potions of brilliance
 k - 5 potions of might
 o - 6 potions of lignification
 p - 3 potions of agility
 s - 2 potions of resistance
 u - 4 potions of berserk rage
 w - 3 potions of flight
 A - 6 potions of ambrosia
 E - 2 potions of mutation
 L - a potion of invisibility
 N - a potion of haste
 Q - 2 potions of magic
Miscellaneous
 U - a lamp of fire (inert) {pickup}
Comestibles
 e - 22 rations {!d}
 t - 5 chunks of flesh


   Skills:
 - Level 10.0 Fighting
 - Level 3.0 Short Blades
 - Level 15.0 Armour
 - Level 1.5 Dodging
 - Level 7.0 Stealth
 - Level 10.0 Shields
 - Level 10.0 Unarmed Combat
 + Level 16.2 Spellcasting
 - Level 7.3 Conjurations
 - Level 8.0 Necromancy
 + Level 3.4 Transmutations
 - Level 14.8 Earth Magic
 - Level 5.0 Invocations
 - Level 10.0 Evocations


You had 3 spell levels left.
You knew the following spells:

 Your Spells              Type           Power        Failure   Level  Hunger
a - Sandblast             Erth           ######       1%          1    None
b - Passwall              Tmut/Erth      ######..     1%          2    None
c - Stone Arrow           Conj/Erth      ######       1%          3    None
d - Petrify               Tmut/Erth      ######....   1%          4    None
e - Lee's Rapid Deconstr  Erth           #######...   1%          5    None
f - Borgnjor's Vile Clut  Necr/Erth      ######....   12%         6    ##.....
g - Animate Dead          Necr           N/A          3%          4    None
h - Iron Shot             Conj/Erth      ######....   13%         6    ##.....
i - Bolt of Magma         Conj/Fire/Erth ######....   11%         5    None
j - Tree Form             Hex/Tmut       N/A          34%         4    None
k - Dragon Form           Tmut           #####..      100%        7    ####...

Your spell library contained the following spells:

 Spells                   Type           Power        Failure   Level  Hunger
 Magic Dart               Conj           ####         1%          1    None
 Necrotize                Necr           ######       1%          1    None
 Throw Frost              Conj/Ice       #####.       1%          2    None
 Vampiric Draining        Necr           ######....   1%          3    None
 Conjure Flame            Conj/Fire      #####...     5%          3    None
 Dazzling Orbs            Conj/Hex       #####..      5%          3    None
 Apportation              Tloc           ###...       9%          1    None
 Freeze                   Ice            ###...       9%          1    None
 Slow                     Hex            ###.....     9%          1    None
 Summon Butterflies       Summ           ###.....     9%          1    None
 Mephitic Cloud           Conj/Pois/Air  ####....     9%          3    None
 Blink                    Tloc           N/A          12%         2    None
 Call Imp                 Summ           ###...       12%         2    None
 Ensorcelled Hibernation  Hex/Ice        ###...       12%         2    None
 Spider Form              Tmut/Pois      ###          12%         3    None
 Beckoning                Tloc           ###.......   24%         3    None
 Confuse                  Hex            ###.....     24%         3    None
 Ozocubu's Armour         Chrm/Ice       ###.....     24%         3    None
 Tukima's Dance           Hex            ###.....     24%         3    None
 Agony                    Necr           ######..     3%          4    None
 Dispel Undead            Necr           ######..     9%          5    None
 Throw Icicle             Conj/Ice       #####...     17%         4    None
 Ice Form                 Ice/Tmut       ####....     34%         4    None
 Cause Fear               Hex            ###.......   58%         4    None
 Summon Ice Beast         Ice/Summ       ###.....     58%         4    None
 Freezing Cloud           Ice/Air        ###.....     89%         5    None
 Metabolic Englaciation   Hex/Ice        ###.......   89%         5    None
 Simulacrum               Ice/Necr       #####...     90%         6    ##.....
 Bolt of Cold             Conj/Ice       #####.....   92%         6    ##.....
 Infestation              Hex/Tmut/Pois  ####.....    99%         6    ##.....
 Darkness                 Hex            ###.......   100%        6    ##.....
 Deflect Missiles         Chrm/Air       ###.......   100%        6    ##.....
 Invisibility             Hex            ###.....     100%        6    ##.....
 Ozocubu's Refrigeration  Ice            ###.......   100%        6    ##.....
 Shadow Creatures         Summ           N/A          100%        7    ####...
 Necromutation            Tmut/Necr      #####...     100%        8    #####..
 Time Stop                Chrm/Tloc      N/A          100%        8    #####..
 Shatter                  Erth           #######...   100%        9    #######
 Statue Form              Tmut/Erth      Unusable     N/A         6    N/A

Dungeon Overview and Level Annotations

Branches:
Dungeon (12/12)            Temple (0/1) D:7            Lair (6/6) D:9
  Snake (3/3) Lair:3       Spider (3/3) Lair:3        Slime (0/5) Orc
    Orc (1/1) D:9          Vaults (1/3) D:12         Forest (0/3) Lair:6
 Depths (0/5) D:12
  Crypt: Vaults:1-2

Altars:
Ashenzari
Cheibriados
Gozag
Lugonu
Makhleb
Okawaru
Uskayaw
Xom
Yredelemnul
Jiyva

Shops:
D:9 :   Orc [%(%*   Snake:1 (   Snake:3 }

Portals:
Abyss: D:6

Annotations:
D:5 1 runed translucent door, WandererXX's ghost, novice DsWn
Lair:5 exclusion: 4 oklob plants
Lair:6 exclusion: 4 oklob plants


Innate Abilities, Weirdness & Mutations

You are resistant to torment.
Your stone body is resilient. (AC +14)
You are immune to poison.
Your large and strong wings let you fly indefinitely.
You resist negative energy. (rN+)
You are resistant to electric shocks. (rElec)
You are less affected by unholy pain and torment.
You can survive without breathing.
You are immune to petrification.
You are immune to rotting.


Message History

The zombie hands constrict the reaper.
The rakshasa weaves an illusion.
The zombie hands lose their grip on the rakshasa.
The ironheart preserver shimmers and seems to become two!
The ironheart convoker points at the ironheart convoker and mumbles some strange words.
The ironheart convoker seems to grow stronger.
The ironheart convoker is engulfed in poison gas.
The ironheart convoker looks more poisoned.
The zombie hands constrict the reaper!
You block the ironheart preserver's attack.
The reaper hits you from afar with a +2 scythe of venom!!!
* * * LOW HITPOINT WARNING * * *
The ironheart convoker is engulfed in poison gas.
The ironheart convoker looks more poisoned.
The ironheart convoker closely misses you.
The zombie hands constrict the reaper.
The ironheart preserver mumbles some strange words.
The ironheart preserver begins to accept its allies' injuries.
The reaper hits you from afar with a +2 scythe of venom!!!
You die...

####>.#......>.#p....... #.
#.....+........+p....... #.
#.....#......§.#........ #.
#.....#)...§§§§+........ #.
#..####..§§°§§.#........ #.
#.....#..§§§§§.#........ #.
#.#.#.#.2§R§§..#........ #.
#.....#.pp§§§..#........ #.
####).#.pp@....+..#########
#.....##########..#........
#.....# #..#.#......
#.....# #..#....##..
####### #..#.#..##..
#..#........ #..#'######'
#....#...... #....#......


You could see 2 ironheart preservers, a reaper, a rakshasa and 2 ironheart
convokers.

Vanquished Creatures
  Nikola (Spider:1)
  Jorgrun (Spider:1)
  Agnes (Snake:1)
  Roxanne (Spider:1)
  Kirke (Lair:4)
  7 nagarajas (Snake:3)
  A vault warden (Vaults:1)
  Louise (Snake:2)
  5 ghost moths
  3 emperor scorpions
  An ironheart preserver (Vaults:1)
  The ghost of Raneoc the Severer, a journeyman MiFi of Okawaru (Lair:4)
  2 entropy weavers
  A minotaur (Lair:4)
  A spark wasp (Spider:3)
  Azrael (Spider:1)
  3 yaktaur captains (Vaults:1)
  8 vault guards (D:12)
  2 rakshasas
  Erolcha (D:11)
  Fannar (D:10)
  5 hydras
  13 naga warriors
  2 ogre magi
  Erica (Lair:2)
  A catoblepas (Lair:5)
  A great orb of eyes (Vaults:1)
  7 anacondas
  6 death yaks (Lair:6)
  17 two-headed ogres
  7 orc high priests (Orc)
  11 shock serpents
  3 sea snakes
  18 naga sharpshooters
  Nergalle (D:10)
  A salamander mystic (Snake:2)
  7 centaur warriors
  A lindwurm (Lair:5)
  An orange crystal statue (Spider:2)
  2 cyclopes
  17 wolf spiders
  2 ironheart convokers (Vaults:1)
  2 necromancers
  6 naga ritualists
  An orc knight (Orc)
  A wolf spider zombie (D:12)
  8 mana vipers
  3 deep elf magi
  25 naga magi
  12 orb spiders
  3 manticores
  An orc sorcerer (D:12)
  A moth of wrath (Spider:1)
  2 salamanders
  6 ugly things
  25 black mambas
  2 elephants (Lair:5)
  2 vault sentinels (Vaults:1)
  An ice statue (IceCv)
  21 cane toads
  A guardian serpent (Snake:3)
  2 gargoyles
  A yaktaur (Vaults:1)
  5 demonic crawlers
  22 jumping spiders
  5 rime drakes
  12 freezing wraiths
  An eye of draining (D:7)
  13 komodo dragons
  6 meliai
  A queen bee (Lair:5)
  5 trolls
  A wolf spider simulacrum (IceCv)
  A merfolk (D:12)
  6 blink frogs
  6 slime creatures
  5 dream sheep (Lair:6)
  4 polar bears (Lair:6)
  12 hornets
  Grum (D:10)
  8 hippogriffs
  A meliai zombie (D:10)
  3 vampires (D:11)
  15 spriggans (Lair:6)
  27 tarantellas
  4 fire elementals (Spider:1)
  3 hogs (Lair:4)
  5 wyverns
  46 yaks
  51 redbacks
  2 death yak simulacra (IceCv)
  A hungry ghost (D:7)
  3 basilisks
  Menkaure (D:7)
  2 steam dragons
  6 wargs (Orc)
  11 crocodiles
  44 nagas
  3 hell hounds (Spider:1)
  20 water moccasins
  9 orc warriors
  2 sky beasts
  12 porcupines
  A hornet zombie (D:8)
  15 soldier ants (Spider:3)
  9 ice beasts
  4 black bears
  6 ogres
  2 phantoms
  6 necrophages
  5 boggarts (Lair:6)
  21 wolves
  4 bullfrogs
  7 kobold brigands
  4 gnoll sergeants (D:9)
  11 centaurs
  A hornet simulacrum (D:11)
  42 killer bees
  A scorpion (D:5)
  3 wights (D:8)
  3 howler monkeys (D:12)
  An electric eel (Snake:3)
  8 crimson imps
  30 orc priests
  3 draconian simulacra (IceCv)
  2 bullfrog zombies
  3 hounds
  13 orc wizards
  A quasit (D:11)
  4 jellies
  2 bullfrog skeletons
  A gnoll shaman (D:5)
  10 iguanas
  20 worker ants
  2 hell rats (Lair:6)
  A porcupine skeleton (D:10)
  3 troll simulacra (IceCv)
  A polar bear simulacrum (IceCv)
  4 spriggan simulacra (IceCv)
  A hound zombie (D:7)
  2 worker ant zombies (D:8)
  Robin (D:2)
  15 adders
  11 gnolls
  6 naga simulacra (IceCv)
  2 ogre simulacra (IceCv)
  8 river rats (Lair:6)
  A shadow imp (D:9)
  12 white imps (IceCv)
  2 centaur simulacra (IceCv)
  7 adder zombies
  An adder skeleton (D:5)
  5 worms
  2 dart slugs (D:1)
  2 leopard geckos
  53 orcs
  5 bats
  A giant cockroach (D:1)
  16 goblins
  11 hobgoblins
  3 jackals (D:2)
  3 quokkas
  3 frilled lizards
  28 kobolds
  8 rats
  A lurking horror (D:6)
1143 creatures vanquished.

Vanquished Creatures (collateral kills)
  Bai Suzhen (Spider:2)
  2 entropy weavers (Spider:3)
  A yaktaur captain (D:12)
  A naga warrior (Snake:3)
  A two-headed ogre (D:12)
  A queen ant (Spider:3)
  A shock serpent (Snake:3)
  2 naga sharpshooters
  A mana viper (Snake:1)
  A wolf spider (Spider:3)
  An orb spider (Spider:1)
  A salamander (Snake:1)
  4 jumping spiders
  2 yaktaurs (D:12)
  4 redbacks
  10 soldier ants (Spider:3)
  4 worker ants (Spider:3)
38 creatures vanquished.

Vanquished Creatures (others)
  A centaur warrior (D:12)
  A salamander mystic (Snake:3)
  A naga ritualist (Snake:3)
  A wolf spider (Spider:2)
  3 naga magi (Snake:3)
  A jumping spider (Spider:1)
  A yaktaur (Vaults:1)
  An orc warrior (Orc)
  4 centaurs
  17 fungi
  40 plants
71 creatures vanquished.

Grand Total: 1252 creatures vanquished

Notes
Turn   | Place    | Note
-------+----------+-------------------------------------------
     0 | D:1      | polpettosauro the Gargoyle Earth Elementalist began the
                  | quest for the Orb.
     0 | D:1      | Reached XP level 1. HP: 10/10 MP: 3/3
   117 | D:1      | Reached skill level 1 in Fighting
   129 | D:1      | Found a snail-covered altar of Cheibriados.
   277 | D:1      | Reached XP level 2. HP: 11/16 MP: 3/5
   280 | D:1      | Learned a level 2 spell: Passwall
   369 | D:1      | Got a sparkling turquoise ring
   891 | D:2      | Noticed Robin
   937 | D:2      | Reached XP level 3. HP: 22/22 MP: 1/6
  1086 | D:2      | Learned a level 3 spell: Stone Arrow
  1271 | D:2      | Reached XP level 4. HP: 18/28 MP: 0/7
  1283 | D:2      | Killed Robin
  1382 | D:2      | Identified the ring "Kaen" {+Fly rN+} (You found it on
                  | level 1 of the Dungeon)
  1582 | D:2      | Reached skill level 3 in Spellcasting
  1777 | D:2      | Reached XP level 5. HP: 28/32 MP: 8/10
  1778 | D:2      | Found an iron altar of Okawaru.
  1795 | D:2      | Became a worshipper of Warmaster Okawaru
  1986 | D:3      | Reached skill level 4 in Spellcasting
  2071 | D:3      | Found a faded altar of an unknown god.
  2157 | D:3      | Reached XP level 6. HP: 37/37 MP: 11/13
  2268 | D:3      | Reached skill level 5 in Spellcasting
  2795 | D:4      | Reached skill level 5 in Earth Magic
  2879 | D:4      | Learned a level 4 spell: Petrify
  2885 | D:4      | Learned a level 5 spell: Lee's Rapid Deconstruction
  3053 | D:4      | Reached XP level 7. HP: 40/41 MP: 9/14
  3365 | D:5      | Entered Level 5 of the Dungeon
  3371 | D:5      | Reached * piety under Okawaru
  3516 | D:5      | Found a shattered altar of Ashenzari.
  3818 | D:5      | Found a shimmering altar of Xom.
  3830 | D:5      | Reached XP level 8. HP: 6/46 MP: 7/15
  4591 | D:5      | Reached ** piety under Okawaru
  4593 | D:5      | Found a runed translucent door.
  4594 | D:5      | Noticed WandererXX's ghost (novice DsWn)
  4709 | D:6      | Noticed a hippogriff
  4724 | D:6      | Found an opulent altar of Gozag.
  4730 | D:6      | Reached skill level 10 in Earth Magic
  4752 | D:6      | Killed a hippogriff
  4753 | D:6      | Reached skill level 1 in Short Blades
  4883 | D:6      | Noticed a hippogriff
  4948 | D:6      | Killed a hippogriff
  4949 | D:6      | Reached skill level 5 in Stealth
  4974 | D:6      | Reached XP level 9. HP: 28/52 MP: 4/16
  5118 | D:6      | Reached *** piety under Okawaru
  5243 | D:6      | Found a corrupted altar of Lugonu.
  5244 | D:6      | Found a one-way gate to the infinite horrors of the Abyss.
  5259 | D:6      | Reached skill level 5 in Fighting
  5816 | D:7      | Found a staircase to the Ecumenical Temple.
  5855 | D:7      | Noticed Menkaure
  5858 | D:7      | Killed Menkaure
  5859 | D:7      | Reached skill level 6 in Spellcasting
  5917 | D:7      | Found a burning altar of Makhleb.
  6402 | D:7      | Reached skill level 7 in Spellcasting
  6412 | D:7      | Reached **** piety under Okawaru
  6496 | D:7      | Noticed an eye of draining
  6607 | D:7      | Killed an eye of draining
  6608 | D:7      | Reached skill level 8 in Spellcasting
  6921 | D:8      | Reached XP level 10. HP: 55/59 MP: 18/22
  6967 | D:8      | Reached skill level 9 in Spellcasting
  7086 | D:8      | Noticed a two-headed ogre
  7108 | D:8      | Killed a two-headed ogre
  7108 | D:8      | Reached ***** piety under Okawaru
  7271 | D:8      | Found a basalt altar of Yredelemnul.
  7348 | D:8      | Got a vibrating jade ring
  7349 | D:8      | Identified the ring of the Heron {+Fly Dex+4} (You found it
                  | on level 8 of the Dungeon)
  7480 | D:9      | Reached skill level 10 in Spellcasting
  7501 | D:9      | Reached skill level 1 in Armour
  7589 | D:9      | Found a staircase to the Lair.
  7661 | D:8      | Received a gift from Okawaru
  7662 | D:8      | Reached skill level 1 in Invocations
  7664 | D:8      | Got a smoking quick blade {god gift}
  7668 | D:8      | Identified the +1 quick blade of Eduvitz {pierce, rC+ MP+9}
                  | (Okawaru gifted it to you on level 8 of the Dungeon)
  7712 | D:9      | Noticed a manticore
  7728 | D:9      | Killed a manticore
  7872 | D:9      | Reached skill level 5 in Armour
  7897 | D:9      | Reached XP level 11. HP: 63/63 MP: 10/25
  8018 | D:9      | Reached skill level 5 in Invocations
  8348 | D:9      | Found Ynausob's Book Emporium.
  8415 | D:9      | Received a gift from Okawaru
  8900 | D:9      | Found a staircase to the Orcish Mines.
  8963 | D:9      | Reached skill level 1 in Shields
  9080 | D:10     | Entered Level 10 of the Dungeon
  9080 | D:10     | Identified the ring of Ogib {Ice Dex+2}
  9080 | D:10     | Noticed Fannar
  9137 | Lair:1   | Entered Level 1 of the Lair of Beasts
 10620 | Lair:2   | Reached skill level 5 in Shields
 11052 | Lair:2   | Noticed Erica
 11055 | Lair:2   | Killed Erica
 11056 | Lair:2   | Reached XP level 12. HP: 68/68 MP: 19/26
 11209 | Lair:3   | Received a gift from Okawaru
 11210 | Lair:3   | Got a crude chain mail {god gift}
 11271 | Lair:2   | Identified the +6 chain mail "Earthly Heaven" {rPois rF+
                  | Stlth+} (Okawaru gifted it to you on level 3 of the Lair of
                  | Beasts)
 11564 | Lair:3   | Found a staircase to the Snake Pit.
 11707 | Lair:3   | Reached ****** piety under Okawaru
 12551 | Lair:3   | Found a hole to the Spider Nest.
 12691 | Lair:3   | Reached skill level 10 in Shields
 12871 | Lair:4   | Reached skill level 1 in Evocations
 12890 | Lair:4   | Received a gift from Okawaru
 12967 | Lair:4   | Found a frozen archway.
 12976 | IceCv    | Entered an ice cave
 13012 | IceCv    | Reached XP level 13. HP: 74/74 MP: 14/27
 13437 | IceCv    | Found an ancient bone altar of Kikubaaqudgha.
 13696 | IceCv    | Identified the cursed ring of Ascent {Ice Str+2}
 14079 | Lair:4   | Got a polished shortbow
 14158 | Lair:4   | Found a runed translucent gate.
 14160 | Lair:4   | Found a runed translucent gate.
 14160 | Lair:4   | Found a runed translucent gate.
 14182 | Lair:4   | Noticed Kirke
 14217 | Lair:4   | Noticed Raneoc's ghost (journeyman MiFi)
 14217 | Lair:4   | Noticed a minotaur
 14232 | Lair:4   | Killed Kirke
 14369 | Lair:4   | Killed a minotaur
 14407 | Lair:4   | Killed Raneoc's ghost
 14407 | Lair:4   | Received a gift from Okawaru
 14408 | Lair:4   | Got a pair of scorched gloves {god gift}
 14414 | Lair:4   | Identified the +0 pair of gloves of the Maze {rPois rF+
                  | Str+8 Stlth-} (Okawaru gifted it to you on level 4 of the
                  | Lair of Beasts)
 15203 | Lair:5   | Reached skill level 10 in Fighting
 15225 | Lair:5   | Reached skill level 5 in Evocations
 15442 | Lair:5   | Gained mutation: Your large and strong wings let you fly
                  | indefinitely. [Gargoyle growth]
 15442 | Lair:5   | Reached XP level 14. HP: 88/88 MP: 10/28
 15548 | Lair:5   | Reached skill level 10 in Armour
 16581 | Lair:6   | Entered Level 6 of the Lair of Beasts
 16900 | Lair:6   | Received a gift from Okawaru
 17113 | Lair:6   | Found a staircase to the Spriggan Forest.
 17997 | Lair:6   | Received a gift from Okawaru
 18346 | Lair:6   | Reached XP level 15. HP: 92/92 MP: 24/29
 19292 | D:9      | Bought a book of Dreams for 900 gold pieces
 19299 | D:9      | Learned a level 6 spell: Borgnjor's Vile Clutch
 19321 | Orc      | Entered the Orcish Mines
 19321 | Orc      | Found Qokecwy's Assorted Antiques.
 19459 | Orc      | Reached skill level 1 in Necromancy
 19674 | Orc      | Found a roughly hewn altar of Beogh.
 19684 | Orc      | Found Bom Hobof's Antique Armour Boutique.
 19684 | Orc      | Found Zupt's Food Emporium.
 20084 | Orc      | Found Dipsalalee's Antique Weapon Boutique.
 20084 | Orc      | Found Fubierch's Food Emporium.
 20133 | Orc      | Found a staircase to the Slime Pits.
 20134 | Orc      | Found a viscous altar of Jiyva.
 20526 | D:9      | Bought a book of Transfigurations for 660 gold pieces
 20649 | D:10     | Killed Fannar
 20650 | D:10     | Received a gift from Okawaru
 20651 | D:10     | Reached skill level 10 in Evocations
 20732 | D:10     | Noticed Grum
 20736 | D:10     | Killed Grum
 20826 | D:10     | Identified the amulet "Laex" {Gourm rC+ Str+5}
 20938 | D:10     | Noticed Nergalle
 20959 | D:10     | Killed Nergalle
 21450 | D:11     | Learned a level 4 spell: Animate Dead
 21802 | D:11     | Noticed Erolcha
 21857 | D:11     | Killed Erolcha
 22586 | D:12     | Entered Level 12 of the Dungeon
 22658 | D:12     | Received a gift from Okawaru
 22671 | D:12     | Reached skill level 5 in Necromancy
 23004 | D:12     | Found a hide-covered altar of Uskayaw.
 23241 | D:12     | Found a gate to the Vaults.
 23337 | D:12     | Reached XP level 16. HP: 97/97 MP: 10/30
 23548 | D:12     | Found a staircase to the Depths.
 23550 | D:12     | Reached skill level 15 in Armour
 24220 | Spider:1 | Entered Level 1 of the Spider Nest
 24222 | Spider:1 | Noticed Jorgrun
 24232 | Spider:1 | Killed Jorgrun
 24402 | Spider:1 | Reached skill level 11 in Spellcasting
 24448 | Spider:1 | Received a gift from Okawaru
 24488 | Spider:1 | Noticed Azrael
 24694 | Spider:1 | Killed Azrael
 24729 | Spider:1 | Noticed Nikola
 24750 | Spider:1 | Killed Nikola
 24911 | Spider:1 | Noticed Roxanne
 24932 | Spider:1 | Killed Roxanne
 24932 | Spider:1 | Received a gift from Okawaru
 24933 | Spider:1 | Got a shimmering dagger {god gift}
 24936 | Spider:1 | Identified the +3 dagger of Okawaru's Approval {freeze,
                  | *Rage Int+7 SInv} (Okawaru gifted it to you on level 1 of
                  | the Spider Nest)
 25257 | Spider:1 | Learned a level 6 spell: Iron Shot
 25263 | Spider:1 | Learned a level 5 spell: Bolt of Magma
 25457 | Spider:2 | Reached skill level 1 in Conjurations
 25585 | Spider:2 | Noticed Bai Suzhen
 25626 | Spider:2 | Killed Bai Suzhen
 25716 | Spider:2 | Reached skill level 12 in Spellcasting
 25845 | Spider:2 | Identified the Handbook of Stones and Orientation
 26049 | Spider:2 | Reached XP level 17. HP: 98/102 MP: 18/33
 26728 | Spider:3 | Entered Level 3 of the Spider Nest
 27519 | Spider:3 | Received a gift from Okawaru
 27520 | Spider:3 | Reached skill level 5 in Conjurations
 28185 | Spider:3 | Received a gift from Okawaru
 28658 | Spider:3 | Got a masterwork hand crossbow {god gift}
 28699 | Spider:3 | Reached skill level 13 in Spellcasting
 28953 | Spider:3 | Identified the +1 hand crossbow of the Final Decision
                  | {flame, Int+2} (Okawaru gifted it to you on level 3 of the
                  | Spider Nest)
 28953 | Spider:3 | Got a gossamer rune of Zot
 29196 | Snake:1  | Entered Level 1 of the Snake Pit
 29234 | Snake:1  | Learned a level 4 spell: Tree Form
 29418 | Snake:1  | Found Qosost's Weapon Shoppe.
 29517 | Snake:1  | Noticed Agnes
 29531 | Snake:1  | Killed Agnes
 29967 | Snake:1  | Received a gift from Okawaru
 29981 | Snake:1  | Reached skill level 5 in Unarmed Combat
 30264 | Snake:2  | Reached XP level 18. HP: 107/107 MP: 20/35
 30509 | Snake:2  | Identified the ring "Qeakliet" {Ice rElec}
 30701 | Snake:2  | Noticed Louise
 30722 | Snake:2  | Killed Louise
 32124 | Snake:2  | Received a gift from Okawaru
 32584 | Snake:3  | Entered Level 3 of the Snake Pit
 32589 | Snake:3  | Found Lankopp's Gadget Boutique.
 32701 | Snake:3  | Reached skill level 10 in Unarmed Combat
 32994 | Snake:3  | Received a gift from Okawaru
 33268 | Snake:3  | Bought a wand of iceblast (9) for 255 gold pieces
 33268 | Snake:3  | Bought a wand of clouds (5) for 306 gold pieces
 33579 | Snake:3  | Reached skill level 14 in Spellcasting
 34306 | Snake:3  | Reached XP level 19. HP: 107/112 MP: 22/37
 34372 | Snake:3  | Reached skill level 15 in Spellcasting
 34667 | Snake:3  | Received a gift from Okawaru
 34812 | Snake:3  | Got a serpentine rune of Zot
 35343 | Vaults:1 | Entered Level 1 of the Vaults
 35621 | Vaults:1 | Reached skill level 1 in Transmutations
 35629 | Vaults:1 | Learned a level 7 spell: Dragon Form
 35707 | Vaults:1 | Reached skill level 16 in Spellcasting
 35877 | Vaults:1 | Identified the +5 chain mail of Resilience {rN+ Str+5}
                  | (Okawaru gifted it to you on level 1 of the Vaults)
 35877 | Vaults:1 | Received a gift from Okawaru
 36206 | Vaults:1 | Annihilated by a reaper

Skill      XL: |  1  2  3  4  5  6  7  8  9 10 11 12 13 14 15 16 17 18 19 |
---------------+----------------------------------------------------------+-----
Fighting       | 1 2 3 5 6 10 | 10.0
Stealth        | 3 5 6 7 |  7.0
Spellcasting   | 3 4 5 8 10 12 13 14 16 | 16.2
Earth Magic    | 5 8 10 12 13 14 | 14.8
Short Blades   | 3 |  3.0
Armour         | 5 7 9 12 14 15 | 15.0
Invocations    | 4 5 |  5.0
Shields        | 5 10 | 10.0
Evocations     | 1 5 9 10 | 10.0
Necromancy     | 5 8 |  8.0
Conjurations   | 3 7 |  7.3
Unarmed Combat | 5 10 | 10.0
Transmutations | 3 |  3.4
Dodging        | |  1.5

Action                   |  1- 3 |  4- 6 |  7- 9 | 10-12 | 13-15 | 16-18 | 19-21 || total
-------------------------+-------+-------+-------+-------+-------+-------+-------++-------
Melee: Short sword       |    77 |    26 |       |       |       |       |       ||   103
       Unarmed           |     4 |       |       |       |       |     3 |       ||     7
       Dagger            |       |    69 |   110 |    22 |       |       |       ||   201
       Punch             |       |     1 |       |       |       |       |       ||     1
       Spear             |       |       |    11 |    40 |       |       |       ||    51
       Quick blade       |       |       |       |   358 |  1572 |  1382 |   240 ||  3552
Throw: Javelin           |     2 |    31 |    11 |       |       |       |       ||    44
 Cast: Sandblast         |    30 |    31 |    27 |    38 |   113 |   110 |     9 ||   358
       Stone Arrow       |       |       |    57 |    48 |    93 |    92 |     5 ||   295
       Petrify           |       |       |    12 |    90 |   158 |   186 |    12 ||   458
       Lee's Rapid Decon |       |       |     4 |    63 |   137 |   125 |    18 ||   347
       Borgnjor's Vile C |       |       |       |       |       |    52 |    30 ||    82
       Animate Dead      |       |       |       |       |       |    12 |     1 ||    13
       Bolt of Magma     |       |       |       |       |       |    14 |       ||    14
       Iron Shot         |       |       |       |       |       |     8 |     7 ||    15
Invok: Heroism           |       |       |       |       |     4 |     3 |       ||     7
       Finesse           |       |       |       |       |     1 |       |       ||     1
 Abil: Fly               |       |       |       |       |     1 |       |       ||     1
       Stop Flying       |       |       |       |       |     1 |       |       ||     1
       Evoke Flight      |       |       |       |       |     1 |       |       ||     1
Evoke: Wand              |       |       |       |       |    14 |    52 |     5 ||    71
       Lamp of fire      |       |       |       |       |     3 |     5 |     1 ||     9
  Use: Scroll            |       |     4 |     2 |     6 |    10 |    10 |       ||    32
       Potion            |       |       |       |       |       |     4 |       ||     4
 Stab: Sleeping          |     3 |     3 |     3 |     7 |     3 |       |       ||    19
       Petrified         |       |       |    26 |   119 |   269 |   362 |    46 ||   822
       Petrifying        |       |       |       |    31 |    54 |    43 |     1 ||   129
       Distracted        |       |       |       |       |       |     1 |       ||     1
  Eat: Chunk             |     4 |    10 |    19 |    39 |    67 |    50 |     3 ||   192
       Ration            |       |       |     2 |     1 |     5 |    10 |     3 ||    21
Armor: Robe              |    31 |    50 |    43 |    35 |       |       |       ||   159
       Troll leather arm |       |       |       |    93 |   598 |   135 |       ||   826
       Chain mail        |       |       |       |       |       |  1151 |   200 ||  1351
Dodge: Dodged            |    74 |    67 |    66 |   160 |   439 |   414 |    55 ||  1275
Block: Buckler           |       |       |       |    36 |   395 |   392 |    57 ||   880
       Reflection        |       |       |       |       |    16 |    28 |    15 ||    59
